 Seeded DCSS version 0.30.1-11-g7821555f0a (webtiles) character file.

Game seed: 5 (custom seed)

5347 Kazon the Cleaver (level 10, -2/77 HPs)
             Began as a Barachi Fighter on Nov 15, 2023.
             Was an Elder of Okawaru.
             Slain by a basilisk (5 damage)
             ... while petrified by a basilisk
             ... on level 8 of the Dungeon on Nov 21, 2023.
             The game lasted 00:28:25 (4873 turns).

Kazon the Cleaver (Barachi Fighter)                 Turns: 4873, Time: 00:28:25

Health: -2/77      AC: 10    Str: 21    XL:     10   Next: 65%
Magic:  0/23       EV:  2    Int:  9    God:    Okawaru [****..]
Gold:   423        SH:  0    Dex: 18    Spells: 9/9 levels left

rFire   . . .        e - +3 broad axe of Coxui {flame, Fly}
rCold   . . .        c - +0 tower shield
rNeg    + + +        b - +0 scale mail
rPois   ∞            i - +0 helmet
rElec   .            (no cloak)
rCorr   .            n - +0 pair of gloves
SInv    .            (no boots)
Will    .....        D - amulet of guardian spirit
Stlth   +            r - ring of magical power
HPRegen 0.32/turn    B - +6 ring of dexterity
MPRegen 0.18/turn

%: guardian spirit
@: petrified, flying, invisible, slow
A: amphibious, slowness 1, strong legs 1, +LOS
a: Hop, Renounce Religion, Heroism, Finesse


You were on level 8 of the Dungeon.
You worshipped Okawaru.
Okawaru was greatly pleased with you.
You visited 2 branches of the dungeon, and saw 9 of its levels.
You also visited: Ossuary.

You collected 423 gold pieces.

Inventory:

Hand Weapons
 a - a +0 long sword
 e - the +3 broad axe of Coxui (weapon) {flame, Fly}
   (You acquired it on level 1 of the Dungeon)

   Fly:       It grants you flight.
 q - a +2 vampiric dagger
Missiles
 j - 10 boomerangs (quivered)
 v - 6 poisoned darts
Armour
 b - a +0 scale mail (worn)
 c - a +0 tower shield (worn)
 i - a +0 helmet (worn)
 n - a +0 pair of gloves (worn)
Jewellery
 r - a ring of magical power (left hand)
 B - a +6 ring of dexterity (right hand)
 D - an amulet of guardian spirit (around neck)
 K - a +4 ring of protection
Wands
 w - a wand of paralysis (8)
Scrolls
 g - a scroll of fog {unknown}
 l - 5 scrolls of identify {unknown}
 m - 2 scrolls of magic mapping {unknown}
 o - a scroll of teleportation
 p - a scroll of blinking {unknown}
 x - a scroll of amnesia {unknown}
 y - a scroll of torment {unknown}
 z - a scroll of poison {unknown}
 H - 2 scrolls of fear {unknown}
 I - a scroll of enchant weapon {unknown}
 J - a scroll of enchant armour {unknown}
Potions
 d - a potion of might
 f - a potion of magic
 h - a potion of resistance {unknown}
 k - 4 potions of curing
 s - 4 potions of flight
 t - 2 potions of berserk rage {unknown}
 u - a potion of invisibility
 A - 4 potions of heal wounds {unknown}
 C - a potion of lignification {unknown}
 E - 4 potions of attraction {unknown}
 F - a potion of haste {unknown}
 G - 2 potions of brilliance {unknown}


   Skills:
 + Level 6.5 Fighting
 + Level 2.8 Long Blades
 + Level 8.4 Axes
 + Level 4.1 Throwing
 + Level 6.1 Armour
 + Level 3.1 Dodging
 + Level 2.2 Stealth
 + Level 7.0 Shields
 * Level 5.4 Invocations
 * Level 6.4 Evocations


You had 9 spell levels left.
You didn't know any spells.
Your spell library contained the following spells:

 Spells                   Type           Power      Damage    Failure   Level
 Frozen Ramparts          Ice            0%         1d1       100%        3
 Ignite Poison            Fire/Tmut/Pois 0%         N/A       100%        3
 Ice Form                 Ice/Tmut       0%         N/A       100%        4
 Sticky Flame             Conj/Fire      0%         2d3       100%        4
 Eringya's Noxious Bog    Tmut/Pois      0%         N/A       100%        6
 Ignition                 Fire           0%         3d3       100%        8
 Summon Ice Beast         Ice/Summ       Unusable   N/A       N/A         4
 Summon Forest            Summ/Tloc      Unusable   N/A       N/A         5
 Summon Hydra             Summ           Unusable   N/A       N/A         7

Dungeon Overview and Level Annotations

Branches:
Dungeon (8/15)             Temple (1/1) D:4            Lair (0/5) D:8
Ossuary (visited)

Altars:
Dithmenos
Fedhas
Gozag
Hepliaklqana
Okawaru
Qazlal
Trog
Uskayaw
Wu Jian
Xom
Yredelemnul
The Shining One


Innate Abilities, Weirdness & Mutations

You are amphibious.
You cover ground slowly.
You can hop short distances.
You have an extended range of vision and can be seen from far away.


Message History

You fade into invisibility!
The basilisk gazes at you. You resist with some effort.
You block the basilisk's attack.
You have turned to stone.
The basilisk bites you but does no damage.
The basilisk bites you!
* * * LOW HITPOINT WARNING * * *
The basilisk bites you. The basilisk barely misses you.
The basilisk gazes at you.
The basilisk bites you but does no damage.
The basilisk bites you.
The basilisk bites you but does no damage.
The basilisk gazes at you. You resist with some effort. The basilisk bites you!
* * * LOW HITPOINT WARNING * * *
You turn to flesh and can move again.
You catch the helpless basilisk completely off-guard!
You slash the basilisk! You burn the basilisk.
The basilisk is severely wounded.
The basilisk bites you!
* * * LOW HITPOINT WARNING * * *
The basilisk hisses menacingly.
The basilisk gazes at you. You resist with some effort.
The basilisk gazes at something.
You are slowing down.
The basilisk gazes at something. x2
You have turned to stone.
The basilisk gazes at you. You resist with some effort.
The basilisk completely misses you. The basilisk barely misses you.
The basilisk bites you!
* * * LOW HITPOINT WARNING * * *
The basilisk gazes at you. You resist with some effort. The basilisk bites you!
You die...

##............##..###
#.....#......###.#
###...#.....###..#
###.#.##..8.......#
#...#.#.....##....##
#...........# ###..#
####.......## ..#.
#..####<#####.##
#...###.#..@..#
###..#....##l.##
###..### #...#
##..####.#..#
#...†.#..##....
#.####..## #..## #†#
###.# .## ♣......# ##
# ..P.....#...


You could see a basilisk (unable to see you).

Vanquished Creatures
  A two-headed ogre (D:7)
  A polar bear (D:8)
  Sigmund (D:4)
  A wyvern (D:8)
  A basilisk (D:8)
  A steam dragon (D:8)
  Duvessa (D:6)
  3 water moccasins
  An ice beast (D:8)
  A sky beast (D:7)
  4 black bears
  2 wolves (D:8)
  2 ogres
  A centaur (D:7)
  An elf zombie (Ossuary)
  A kobold brigand (D:7)
  3 scorpions
  15 wights
  4 killer bees (D:7)
  Dowan (D:6)
  A howler monkey (D:5)
  A vampire bat (D:7)
  A centaur zombie (Ossuary)
  6 hounds
  3 orc priests (D:6)
  3 human zombies (Ossuary)
  A jelly (D:5)
  6 iguanas
  6 orc wizards
  4 ogre zombies (Ossuary)
  7 mummies (Ossuary)
  7 gnolls
  9 adders
  A shadow imp (D:8)
  A white imp (D:7)
  2 ufetubi
  A worm zombie (D:7)
  2 adder zombies (Ossuary)
  3 worms
  16 orcs
  12 bats
  9 endoplasms
  A giant cockroach (D:1)
  12 goblins
  7 hobgoblins
  11 jackals
  10 kobolds
  3 quokkas (D:4)
  6 ball pythons
  3 frilled lizards
  4 goblin zombies (Ossuary)
  6 hobgoblin zombies
  3 kobold zombies
  4 quokka zombies (Ossuary)
  4 rats
  4 rat zombies (Ossuary)
226 creatures vanquished.

Notes
Turn   | Place    | Note
-------+----------+-------------------------------------------
     0 | D:1      | Kazon the Barachi Fighter began the quest for the Orb.
     0 | D:1      | Reached XP level 1. HP: 18/18 MP: 1/1
    34 | D:1      | Identified a scroll of acquirement
    34 | D:1      | Acquired the +3 broad axe of Coxui {flame, Fly}
    48 | D:1      | Reached XP level 2. HP: 25/25 MP: 2/2
   278 | D:1      | Reached XP level 3. HP: 30/30 MP: 3/3
   814 | D:2      | Reached skill level 1 in Axes
  1005 | D:2      | Reached XP level 4. HP: 37/37 MP: 4/4
  1110 | D:2      | Reached skill level 1 in Throwing
  1148 | D:2      | Reached skill level 2 in Axes
  1464 | D:3      | Found a blossoming altar of Fedhas.
  1478 | D:3      | Reached XP level 5. HP: 42/42 MP: 5/5
  1612 | D:3      | Found a stormy altar of Qazlal.
  1682 | D:3      | Found a faded altar of an unknown god.
  1833 | D:3      | Identified the +2 sling "Qeuhanocyt" {speed, rElec Str-3
                  | Dex+2}
  1874 | D:4      | Found a staircase to the Ecumenical Temple.
  1885 | Temple   | Entered the Ecumenical Temple
  1898 | Temple   | Became a worshipper of Warmaster Okawaru
  1954 | D:4      | Noticed a black bear
  1968 | D:4      | Killed a black bear
  1969 | D:4      | Reached skill level 3 in Axes
  1974 | D:4      | Found a hazy altar of Hepliaklqana.
  1975 | D:4      | Found a shadowy altar of Dithmenos.
  1975 | D:4      | Noticed a shadow
  2002 | D:4      | Reached XP level 6. HP: 48/48 MP: 6/6
  2032 | D:4      | Noticed Sigmund
  2043 | D:4      | Killed Sigmund
  2043 | D:4      | Reached * piety under Okawaru
  2044 | D:4      | Reached skill level 1 in Dodging
  2044 | D:4      | Reached skill level 1 in Invocations
  2114 | D:4      | Reached skill level 4 in Axes
  2114 | D:4      | Reached skill level 1 in Evocations
  2114 | D:4      | Reached XP level 7. HP: 26/55 MP: 8/8
  2286 | D:4      | You are sucked into a shaft and drop 2 floors!
  2344 | D:5      | Entered Level 5 of the Dungeon
  2348 | D:5      | Reached ** piety under Okawaru
  2598 | D:4      | Reached skill level 5 in Armour
  2598 | D:4      | Reached XP level 8. HP: 50/61 MP: 9/9
  2752 | D:5      | Reached skill level 5 in Fighting
  2760 | D:5      | Reached skill level 5 in Axes
  2882 | D:5      | Reached skill level 1 in Stealth
  3053 | D:6      | Noticed Dowan
  3054 | D:6      | Noticed Duvessa
  3061 | D:6      | Killed Dowan
  3070 | D:6      | Killed Duvessa
  3215 | D:6      | Reached skill level 5 in Shields
  3236 | D:6      | Found a shimmering altar of Xom.
  3374 | D:7      | Reached skill level 6 in Axes
  3374 | D:7      | Reached XP level 9. HP: 67/68 MP: 11/11
  3398 | D:7      | Found a sand-covered staircase.
  3410 | D:7      | Reached *** piety under Okawaru
  3413 | Ossuary  | Entered an ossuary
  4053 | D:7      | Noticed a two-headed ogre
  4061 | D:7      | Killed a two-headed ogre
  4061 | D:7      | Reached **** piety under Okawaru
  4062 | D:7      | Reached skill level 7 in Axes
  4062 | D:7      | Reached skill level 5 in Evocations
  4224 | D:7      | Reached XP level 10. HP: 56/76 MP: 13/13
  4537 | D:8      | Reached skill level 8 in Axes
  4537 | D:8      | Reached skill level 5 in Invocations
  4821 | D:8      | Found a staircase to the Lair.
  4859 | D:8      | HP: 1/77 [basilisk (6)]
  4871 | D:8      | HP: 2/77 [basilisk (3)]
  4873 | D:8      | Slain by a basilisk

Illustrated notes

Levels and vault maps discovered:
D:1:      ebering_trefoil_3fold, layout_basic, st_stairs_14, serial_bayou_ford_a
D:2:      layout_basic, hangedman_decor_growths, minmay_close_crescents
D:3:      layout_rooms, mainiacjoe_overflow_concentric_impassable,
          mainiacjoe_overflow_paths, shapermc_ecumenical_altar_acropolis,
          chequers_serial_rivers_micro_b
D:4:      layout_basic, riverfiend_overflow_shadow_ancestor,
          minmay_temple_entry_glass, uniq_sigmund
D:5:      layout_gridville
D:6:      layout_basic, xom_teletrap_fun, uniq_duvessa
D:7:      layout_loops_ring, enter_ossuary_3, roderic_batcave
D:8:      layout_layer_cave, minmay_lair_entry_grove, serial_shops,
          nicolae_lakefront_shop, serial_ice, serial_ice_o, serial_ice_d,
          serial_ice_k, serial_ice_a
Temple:   nicolae_temple_elliptical

Skill      XL: |  1  2  3  4  5  6  7  8  9 10 |
---------------+-------------------------------+-----
Fighting       | 4 5 6 |  6.5
Armour         | 4 5 6 |  6.1
Axes           | 1 2 3 4 6 7 8 |  8.4
Shields        | 4 5 6 7 |  7.0
Throwing       | 1 2 3 4 |  4.1
Dodging        | 1 2 3 |  3.1
Invocations    | 1 2 3 4 5 |  5.4
Evocations     | 1 2 3 5 6 |  6.4
Stealth        | 2 |  2.2
Long Blades    | |  2.8

Action                     |  1- 3 |  4- 6 |  7- 9 | 10-12 || total
---------------------------+-------+-------+-------+-------++-------
  Melee: Long sword        |    10 |       |       |       ||    10
         Broad axe         |    69 |    82 |   329 |   112 ||   592
  Throw: Stone             |     1 |     6 |    47 |       ||    54
         Dart              |       |     1 |    17 |       ||    18
         Boomerang         |       |       |     9 |    28 ||    37
 Invoke: Heroism           |       |       |     2 |     2 ||     4
         Finesse           |       |       |       |     1 ||     1
    Use: Scroll            |     2 |     1 |     1 |       ||     4
         Potion            |     1 |       |       |     3 ||     4
   Stab: Invisible         |       |       |       |     1 ||     1
 Armour: Scale mail        |    38 |    24 |   106 |    47 ||   215
  Dodge: Dodged            |    33 |    11 |    75 |    39 ||   158
  Block: Buckler           |     5 |       |       |       ||     5
         Tower shield      |    32 |    45 |   255 |    97 ||   429
